 Dungeon Crawl Stone Soup version 0.27-a0-1302-g7736ffe575 (webtiles) character file.

Game seed: 14082983846234670951

56 Kinoniko the Chopper (level 3, -3/30 HPs)
             Began as a Minotaur Gladiator on June 18, 2021.
             Killed from afar by Sigmund (4 damage)
             ... with a puff of flame
             ... on level 2 of the Dungeon.
             The game lasted 00:01:25 (1259 turns).

Kinoniko the Chopper (Minotaur Gladiator)           Turns: 1259, Time: 00:01:26

Health: -3/30      AC:  8    Str: 19    XL:     3   Next: 69%
Magic:  2/2        EV:  8    Int:  5    God:
Gold:   41         SH:  0    Dex: 11    Spells: 2/2 levels left

rFire    . . .     SeeInvis .   a - +0 war axe
rCold    . . .     Faith    .   (no shield)
rNeg     . . .     Spirit   .   f - +0 chain mail
rPois    .         Reflect  .   c - +0 hat
rElec    .         Harm     .   (no cloak)
rCorr    .         Rampage  .   (no gloves)
Will     .....                  (no boots)
Stlth    ..........             (no amulet)
HPRegen  0.10/turn              (no ring)
MPRegen  0.08/turn              (no ring)

@: confused, lethally poisoned (-3 -> -6)
A: horns 2, retaliatory headbutt
a: no special abilities


You were on level 2 of the Dungeon.
You visited 1 branch of the dungeon, and saw 2 of its levels.

You collected 41 gold pieces.

Inventory:

Hand Weapons
 a - a +0 war axe (weapon)
Missiles
 d - 2 throwing nets (quivered)
Armour
 b - a +0 leather armour
 c - a +0 hat (worn)
 f - a +0 chain mail (worn)
Scrolls
 e - 2 scrolls of identify {unknown}
 g - a scroll of noise {unknown}
 h - a scroll of enchant weapon {unknown}
 j - a scroll of fog {unknown}
 l - a scroll of silence {unknown}


   Skills:
 - Level 2.4 Fighting
 * Level 5.7 Axes
 - Level 2.0 Throwing
 - Level 3.2 Dodging


You had 2 spell levels left.
You didn't know any spells.
Your spell library was empty.

Dungeon Overview and Level Annotations

Branches:
Dungeon (2/15)

Altars:
Dithmenos

Annotations:
D:2 Sigmund


Innate Abilities, Weirdness & Mutations

You have a pair of horns on your head.
You reflexively headbutt those who attack you in melee.


Message History

The bat zombie hits you but does no damage.
You barely miss the bat zombie. You headbutt the bat zombie!
You destroy the bat zombie!
A magic dart appears from out of thin air!
The magic dart hits you but does no damage.
Something wriggles in the net.
No target in view!
No target in view!
No target in view!
Things that are here:
a +0 whip; a frilled lizard corpse; a kobold corpse You hit something.
Something wriggles in the net.
You closely miss something. You headbutt something.
Something wriggles in the net.
All of a sudden the net rips apart!
Something hits you but does no damage.
You are poisoned.
You closely miss something. Your headbutt misses something.
You feel very sick.
You hear some strange, mumbled words.
Something tries to affect you, but you resist.
It was a potion of ambrosia.
You are confused.
You feel invigorated.
You feel sick. Something hits you.
It was a potion of curing.
You feel better.
You feel less invigorated. Something hits you.
You slash something! Something hits you!
You are poisoned.
You hit something. Your headbutt misses something.
You feel very sick. Something hits you.
You closely miss something. You headbutt something!
You feel sick.
You hear some strange, mumbled words.
You are confused.
You closely miss something. Your headbutt misses something.
You feel sick. Something hits you!
* * * LOW HITPOINT WARNING * * *
You hear some strange, mumbled words.
A puff of flame appears from out of thin air!
The puff of flame hits you.
You die...

#. #.### #@#..
#.#.# #.#.# #.#.#
####.#.#.#
S......{>#
######.#@# #.#.#
#.#.# #.#.# ###
#.#.# ##### ..#
#.#.# §§≈§###.#
#.#.# ...≈#.#.#
#.#.#
.#..'.#.######.#.#


There were no monsters in sight!

Vanquished Creatures
  2 adders (D:2)
  3 bat zombies (D:2)
  2 giant cockroaches
  4 hobgoblins (D:1)
  A jackal (D:2)
  3 quokkas
  2 ball pythons
  4 bats
  3 frilled lizards
  3 goblins
  4 kobolds
  A quokka skeleton (D:2)
  6 rats
38 creatures vanquished.

Vanquished Creatures (others)
  A withered plant (D:2)
1 creature vanquished.

Grand Total: 39 creatures vanquished

Notes
Turn   | Place    | Note
-------+----------+-------------------------------------------
     0 | D:1      | Kinoniko the Minotaur Gladiator began the quest for the
                  | Orb.
     0 | D:1      | Reached XP level 1. HP: 18/18 MP: 0/0
   182 | D:1      | Reached skill level 4 in Axes
   376 | D:1      | Reached XP level 2. HP: 25/25 MP: 1/1
   908 | D:1      | Found a faded altar of an unknown god.
  1075 | D:2      | Reached skill level 5 in Axes
  1075 | D:2      | Reached XP level 3. HP: 30/30 MP: 2/2
  1091 | D:2      | Found a shadowy altar of Dithmenos.
  1237 | D:2      | Noticed Sigmund
  1259 | D:2      | HP: 1/30 [something (9)]
  1259 | D:2      | Killed from afar by Sigmund

Illustrated notes

Levels and vault maps discovered:
D:1:      scummos_arrival_gate, layout_loops_ring,
          shapermc_ecumenical_altar_mp_highgroup, minmay_hedge_maze,
          grunt_decor_mini_mirrors
D:2:      layout_basic, basic_altar, serial_undead, serial_undead_a,
          serial_undead_b, serial_undead_e, serial_undead_a, serial_undead_a,
          serial_undead_b, grunt_decor_cap, minmay_crystal_water,
          kennysheep_generic_room_13, uniq_sigmund

Skill      XL: |  1  2 |
---------------+-------+-----
Axes           | 4 5 |  5.7
Fighting       | |  2.4
Throwing       | |  2.0
Dodging        | |  3.2

Action                   || total
-------------------------++-------
Melee: War axe           ||    67
       Headbutt          ||    10
Throw: Throwing net      ||     1
  Use: Potion            ||     2
Armor: Chain mail        ||    45
Dodge: Dodged            ||    26

Table legend: (Time is in decaauts)
 A = Elapsed time spent in this place.
 B = Non-inter-level travel time spent in this place.
 C = Inter-level travel time spent in this place.
 D = Time resting spent in this place.
 E = Time spent auto-exploring this place.
 F = Levels seen in this place.
 G = Mean time per level.
                   A        B        C        D        E       F      G
               +--------+--------+--------+--------+--------+-----+--------+
         Total |   1275 |   1241 |     34 |      0 |   1058 |   2 |  637.5 |
       Dungeon |   1275 |   1241 |     34 |      0 |   1058 |   2 |  637.5 |
               +--------+--------+--------+--------+--------+-----+--------+

Top non-repeatable levels by time:
     D:1: 1047 daAuts
     D:2: 227 daAuts
